 Dungeon Crawl Stone Soup version 0.31-a0-196-g86fe4a5e66 (webtiles) character file.

Game seed: 6277882272439885970

84 rabbitsville the Conjurer (level 4, 0/36 (38) HPs)
             Began as a Hill Orc Reaver on June 24, 2023.
             Frozen to death by an endoplasm (3 damage)
             ... in a sewer.
             The game lasted 00:04:32 (2021 turns).

rabbitsville the Conjurer (Hill Orc Reaver)         Turns: 2021, Time: 00:04:33

HP:   0/36 (38)     AC:  4    Str: 14    XL:     4   Next: 45%
MP:   6/7           EV:  8    Int: 15    God:
Gold: 108           SH:  0    Dex:  9    Spells: 6/7 levels left

rFire   . . .        a - +0 hand axe
rCold   . . .        (no shield)
rNeg    . . .        b - +0 leather armour
rPois   .            (no helmet)
rElec   .            (no cloak)
rCorr   .            h - +0 pair of gloves
SInv    .            (no boots)
Will    .....        (no amulet)
Stlth   +            (no ring)
HPRegen 0.26/turn    (no ring)
MPRegen 0.10/turn

%: no passive effects
@: very slightly contaminated, constricted, drained, very slow
A: no striking features
a: no special abilities


You were in a sewer.
You visited 1 branch of the dungeon, and saw 3 of its levels.
You also visited: Sewer.

You collected 108 gold pieces.

Inventory:

Hand Weapons
 a - a +0 hand axe (weapon)
Missiles
 e - 7 poisoned darts
Armour
 b - a +0 leather armour (worn)
 h - a +0 pair of gloves (worn)
Jewellery
 f - an amulet of faith
Scrolls
 d - 3 scrolls of fear {unknown}
Potions
 c - 2 potions of curing {unknown}
 g - a potion of mutation {unknown}
 i - a potion of enlightenment {unknown}
 j - 2 potions of magic {unknown}


   Skills:
 + Level 3.3 Fighting
 - Level 4.0 Axes
 - Level 1.5 Dodging
 + Level 2.2 Spellcasting
 * Level 4.2 Conjurations


You had 6 spell levels left.
You knew the following spells:

 Your Spells              Type           Power      Damage    Failure   Level
a - Kiss of Death         Conj/Necr      28%        2d7       12%         1

Your spell library contained the following spells:

 Spells                   Type           Power      Damage    Failure   Level
 Momentum Strike          Conj/Tloc      14%        3d8       19%         2
 Beastly Appendage        Tmut           2%         N/A       28%         1
 Hailstorm                Conj/Ice       7%         3d4       34%         3


Dungeon Overview and Level Annotations

Branches:
Dungeon (3/15)              Sewer (1/1)

Altars:
Xom


Message History

The endoplasm closely misses you.
The frilled lizard bites you but does no damage.
The ball python barely misses you. The ball python constricts you.
The endoplasm hits you but does no damage.
You hit the endoplasm but do no damage.
The endoplasm is severely wounded.
You barely miss the frilled lizard. You closely miss the ball python.
You barely miss the endoplasm. The endoplasm freezes you.
You are frozen.
* * * LOW HITPOINT WARNING * * *
The frilled lizard closely misses you. The ball python closely misses you.
The ball python constricts you.
* * * LOW HITPOINT WARNING * * *
The endoplasm closely misses you.
Aiming: Kiss of Death (safe; 12% risk of failure)
Press: ? - help, Q - select action, (/) - cycle Shift-Dir - straight line, f - frilled lizard
Aim: a frilled lizard (100% to hit)
You miscast Kiss of Death.
You are very lightly contaminated with residual magic.
Nothing appears to happen.
The endoplasm splashes around in the water.
The frilled lizard bites you.
* * * LOW HITPOINT WARNING * * *
The ball python bites you.
* * * LOW HITPOINT WARNING * * *
The ball python constricts you. The endoplasm freezes you.
You are frozen.
* * * LOW HITPOINT WARNING * * *
Your unstable footing causes you to fumble your attack.
The ball python bites you but does no damage.
The ball python constricts you. The endoplasm hits you.
* * * LOW HITPOINT WARNING * * *
The frilled lizard completely misses you.
The ball python closely misses you. The ball python constricts you.
The endoplasm hits you but does no damage.
The endoplasm freezes you.
You are frozen.
You die...

~##~..#.~
~.#.~.~~~
~~...~..
#~~...~
#~~~~##
##J~.~~##
##JJl..~~#
###~~@S#
##~~~.~##
#~~~~.##
#...###
##..##
#.~~#
#.†## #..#
##########
#~.#
#.~...~~.#


You could see 3 endoplasms, a ball python and a frilled lizard.

Vanquished Creatures
  An adder (D:3)
  2 worms
  3 dart slugs
  6 ball pythons
  6 endoplasms (D:1)
  5 giant cockroaches
  5 goblins (D:1)
  6 hobgoblins
  4 jackals (D:3)
  A kobold (D:3)
  3 quokkas
  4 bats
  4 frilled lizards
  7 rats
57 creatures vanquished.

Notes
Turn   | Place    | Note
-------+----------+-------------------------------------------
     0 | D:1      | rabbitsville the Hill Orc Reaver began the quest for the
                  | Orb.
     0 | D:1      | Reached XP level 1. HP: 18/18 MP: 3/3
    96 | D:1      | Reached XP level 2. HP: 17/25 MP: 4/4
   925 | D:1      | Reached XP level 3. HP: 29/30 MP: 5/5
  1268 | D:2      | Found a shimmering altar of Xom.
  1578 | D:2      | Found a faded altar of an unknown god.
  1582 | D:2      | Got Plato's Omnibus of Reconstruction
  1737 | D:3      | Reached XP level 4. HP: 18/34 MP: 7/7
  1883 | D:3      | Found a glowing drain.
  1907 | Sewer    | Entered a sewer
  2021 | Sewer    | Frozen to death by an endoplasm

Illustrated notes

Levels and vault maps discovered:
D:1:      dpeg_arrival_court, layout_rooms, serial_co_window_serial,
          co_window_paths_a, co_window_of_opportunity_a,
          co_window_of_opportunity_a, co_window_corner_a, co_window_paths_b,
          co_window_of_opportunity_a, co_window_paths_a, co_window_corner_cb,
          co_window_of_opportunity_b, co_window_broadway_a,
          co_window_broadway_b, co_window_paths_c, co_window_4corner_b,
          glass_columns_a
D:2:      layout_basic, basic_altar, shapermc_ecumenical_altar_rom_forum
D:3:      layout_rooms, cheibrodos_sewer_entry_drain
Sewer:    sewer_hellmonk_slimy_pipes

Skill      XL: |  1  2  3 |
---------------+----------+-----
Fighting       | 3 |  3.3
Spellcasting   | 2 |  2.2
Conjurations   | 4 |  4.2
Axes           | |  4.0
Dodging        | |  1.5

Action                     |  1- 3 |  4- 6 || total
---------------------------+-------+-------++-------
  Melee: Hand axe          |   133 |    79 ||   212
         Punch             |     2 |     1 ||     3
   Cast: Kiss of Death     |     1 |       ||     1
 Armour: Leather armour    |    31 |    30 ||    61
  Dodge: Dodged            |    84 |    53 ||   137

Table legend: (Time is in decaauts)
 A = Elapsed time spent in this place.
 B = Non-inter-level travel time spent in this place.
 C = Inter-level travel time spent in this place.
 D = Time resting spent in this place.
 E = Time spent auto-exploring this place.
 F = Levels seen in this place.
 G = Mean time per level.
                   A        B        C        D        E       F      G
               +--------+--------+--------+--------+--------+-----+--------+
         Total |   2049 |   2019 |     30 |      0 |   1272 |   4 |  512.2 |
       Dungeon |   1927 |   1897 |     30 |      0 |   1223 |   3 |  642.3 |
         Sewer |    122 |    122 |      0 |      0 |     49 |   1 |  122.0 |
               +--------+--------+--------+--------+--------+-----+--------+

Top non-repeatable levels by time:
     D:1: 992 daAuts
     D:2: 723 daAuts
     D:3: 210 daAuts
   Sewer: 122 daAuts
